 Dungeon Sprint DCSS version 0.27-a0-1193-g8631133539 (webtiles) character file.

Game seed: 4012968074258110747

28 rocky1 the Shield-Bearer (level 3, 0/29 HPs)
             Began as a Formicid Fighter on May 26, 2021.
             Was a Believer of Cheibriados.
             Slain by an ufetubus (3 damage)
             ... in the Dungeon (Sprint VII: "The Pits").
             The game lasted 00:01:38 (253 turns).

rocky1 the Shield-Bearer (Formicid Fighter)          Turns: 253, Time: 00:01:39

Health: 0/29       AC:  6    Str: 26    XL:     3   Next: 27%
Magic:  3/3        EV:  9    Int: 12    God:    Cheibriados [**....]
Gold:   0          SH: 11    Dex: 15    Spells: 2/2 levels left

rFire    . . .     SeeInvis +   k - +2 hand axe
rCold    . . .     Faith    .   c - +0 kite shield
rNeg     . . .     Spirit   .   b - +0 scale mail
rPois    .         Reflect  .   (helmet unavailable)
rElec    .         Harm     .   (no cloak)
rCorr    .         Rampage  .   (no gloves)
Will     .....                  (no boots)
Stlth    ..........             (no amulet)
HPRegen  0.09/turn              (no ring)
MPRegen  0.08/turn              (no ring)

@: very slow
A: permanent stasis, dig shafts and tunnels, antennae 3, four strong arms
a: Dig, Renounce Religion, Bend Time


You were in the Dungeon.
You worshipped Cheibriados.
Cheibriados was pleased with you.
You visited 1 branch

Inventory:

Hand Weapons
 k - a +2 hand axe (weapon)
Armour
 b - a +0 scale mail (worn)
 c - a +0 kite shield (worn)
Scrolls
 i - 5 scrolls of amnesia
 j - a scroll of summoning
Potions
 d - a potion of might
 e - a potion of curing
 f - a potion of heal wounds
 g - 4 potions of magic
 h - 2 potions of invisibility


   Skills:
 - Level 3.2 Fighting
 + Level 4.5 Axes
 - Level 3.2 Armour
 + Level 6.2 Shields


You had 2 spell levels left.
You didn't know any spells.
Your spell library was empty.

Dungeon Overview and Level Annotations

Branches:
Dungeon (1/1)

Altars:
Ashenzari
Cheibriados
Dithmenos
Elyvilon
Fedhas
Gozag
Hepliaklqana
Kikubaaqudgha
Makhleb
Nemelex Xobeh
Okawaru
Qazlal
Ru
Sif Muna
Trog
Uskayaw
Vehumet
Wu Jian
Xom
Yredelemnul
Zin
The Shining One
Beogh
Jiyva
Lugonu


Innate Abilities, Weirdness & Mutations

You cannot be hasted, slowed, berserked, paralysed or teleported.
You can dig through walls and to a lower floor.
You have a pair of large antennae on your head. (SInv)
Your four strong arms can wield two-handed weapons with a shield.


Message History

The ufetubus barely misses you.
The ufetubus hits you but does no damage.
You block the ufetubus's attack. x2; The ufetubus barely misses you.
The ufetubus hits you.
You hit the ufetubus.
You kill the ufetubus!
Cheibriados thoroughly appreciates the change of pace.
Cheibriados raises the support of your attributes as your movement slows.
You hit the ufetubus but do no damage. The ufetubus hits you. x2
You block the frilled lizard's attack. The ufetubus hits you. x2
* * * LOW HITPOINT WARNING * * *
Your Shields skill increases to level 6!
You closely miss the frilled lizard. You closely miss the ufetubus.
The ufetubus barely misses you. The ufetubus hits you.
* * * LOW HITPOINT WARNING * * *
The frilled lizard barely misses you.
Unknown command.
You miss the ufetubus.
The ufetubus is severely wounded.
You hit the frilled lizard.
You kill the frilled lizard!
Cheibriados appreciates the change of pace.
You block the ufetubus's attack. The ufetubus barely misses you.
The ufetubus hits you but does no damage. x2
You miss the ufetubus.
The ufetubus is severely wounded.
The ufetubus barely misses you. The ufetubus closely misses you.
You block the ufetubus's attack. x2
You hit the ufetubus.
The ufetubus is almost dead.
You block the ufetubus's attack.
The ufetubus hits you but does no damage. x2
The ufetubus hits you.
* * * LOW HITPOINT WARNING * * *
Unknown command.
You barely miss the ufetubus.
The ufetubus is almost dead.
The ufetubus hits you but does no damage.
You block the ufetubus's attack. The ufetubus hits you.
You die...

#.?(!')))'.##......#..#
##########.##..........
#..........†'..........
#+#####'#####......#..#
#..#...'.##..........
#..#...#.#####'#####+
#..#####.##.......#
#..5...#)##.......#
#..†@..†.##.......#
#..########...<...# #..
#.......# #.. #.......#
### #.......# {{ {{
######### { { {


You could see an ufetubus.

Vanquished Creatures
  An adder (D)
  2 ufetubi (D)
  An adder zombie (D)
  A ball python (D)
  A ball python skeleton (D)
  A frilled lizard (D)
  A kobold (D)
8 creatures vanquished.

Notes
Turn   | Place    | Note
-------+----------+-------------------------------------------
     0 | D        | rocky1 the Formicid Fighter began the quest for the Orb.
     0 | D        | Reached XP level 1. HP: 18/18 MP: 1/1
    25 | D        | Reached skill level 5 in Shields
    25 | D        | Reached XP level 2. HP: 13/24 MP: 2/2
    29 | D        | Found a bloodstained altar of Trog.
    29 | D        | Found a shimmering blue altar of Sif Muna.
    29 | D        | Found a viscous altar of Jiyva.
    29 | D        | Found a hazy altar of Hepliaklqana.
    29 | D        | Found an opulent altar of Gozag.
    30 | D        | Found a glowing golden altar of the Shining One.
    30 | D        | Found a glowing silver altar of Zin.
    30 | D        | Found a basalt altar of Yredelemnul.
    30 | D        | Found a shimmering altar of Xom.
    30 | D        | Found an ornate altar of the Wu Jian Council.
    30 | D        | Found a sacrificial altar of Ru.
    30 | D        | Found a stormy altar of Qazlal.
    30 | D        | Found an iron altar of Okawaru.
    30 | D        | Found a sparkling altar of Nemelex Xobeh.
    30 | D        | Found a burning altar of Makhleb.
    30 | D        | Found a blossoming altar of Fedhas.
    30 | D        | Found a white marble altar of Elyvilon.
    30 | D        | Found a shadowy altar of Dithmenos.
    30 | D        | Found a snail-covered altar of Cheibriados.
    32 | D        | Found a radiant altar of Vehumet.
    32 | D        | Found a corrupted altar of Lugonu.
    33 | D        | Found a hide-covered altar of Uskayaw.
    33 | D        | Found an ancient bone altar of Kikubaaqudgha.
    33 | D        | Found a broken altar of Ashenzari.
    41 | D        | Became a worshipper of Cheibriados the Contemplative
   209 | D        | Reached * piety under Cheibriados
   213 | D        | Reached XP level 3. HP: 28/29 MP: 3/3
   235 | D        | Reached ** piety under Cheibriados
   249 | D        | Reached skill level 6 in Shields
   253 | D        | Slain by an ufetubus

Illustrated notes

Levels and vault maps discovered:
D:        pitsprint [storerooms_1, entrance_room_1, metal_vault_2, armoury_1,
          mini_pit_1, grid_room_1, main_hall_1, silver_pit, the_coven_3,
          the_vestibule_1, steel_vault_2, golden_pit, hallway_of_sentries,
          crystal_vault_4, iron_vault_1, final_vault]

Skill      XL: |  1  2  3 |
---------------+----------+-----
Axes           | 3 4 |  4.5
Shields        | 5 6 |  6.2
Fighting       | |  3.2
Armour         | |  3.2

Action                   || total
-------------------------++-------
Melee: War axe           ||    12
       Hand axe          ||    22
Armor: Scale mail        ||    20
Dodge: Dodged            ||    23
Block: Kite shield       ||    39

Table legend: (Time is in decaauts)
 A = Elapsed time spent in this place.
 B = Non-inter-level travel time spent in this place.
 C = Inter-level travel time spent in this place.
 D = Time resting spent in this place.
 E = Time spent auto-exploring this place.
 F = Levels seen in this place.
 G = Mean time per level.
                   A        B        C        D        E       F      G
               +--------+--------+--------+--------+--------+-----+--------+
         Total |    284 |    284 |      0 |    114 |      0 |   1 |  284.0 |
       Dungeon |    284 |    284 |      0 |    114 |      0 |   1 |  284.0 |
               +--------+--------+--------+--------+--------+-----+--------+

Top non-repeatable levels by time:
       D: 284 daAuts
